 Dungeon Crawl Stone Soup version 0.31-a0-233-g139696dc86 (webtiles) character file.

Game seed: 16547231394799144606

54 qw the Shooter (level 3, 0/29 HPs)
             Began as a Minotaur Hexslinger on July 8, 2023.
             Slain by an orc
             ... wielding a +0 trident
              (6 damage)
             ... on level 2 of the Dungeon.
             The game lasted 00:00:29 (986 turns).

qw the Shooter (Minotaur Hexslinger)                 Turns: 986, Time: 00:00:30

Health: 0/29       AC:  9    Str: 12    XL:     3   Next: 66%
Magic:  3/3        EV: 11    Int: 10    God:
Gold:   25         SH:  0    Dex: 14    Spells: 3/4 levels left

rFire   . . .        Y - +1 sling
rCold   . . .        (no shield)
rNeg    . . .        h - +0 ring mail
rPois   .            (helmet restricted)
rElec   .            (no cloak)
rCorr   .            (no gloves)
SInv    .            (no boots)
Will    .....        (no amulet)
Stlth   +            g - +4 ring of protection
HPRegen 0.24/turn    (no ring)
MPRegen 0.08/turn

%: no passive effects
@: no status effects
A: horns 2, retaliatory headbutt
a: no special abilities


You were on level 2 of the Dungeon.
You visited 1 branch of the dungeon, and saw 2 of its levels.

You collected 25 gold pieces.


Innate Abilities, Weirdness & Mutations

You have a pair of horns on your head.
You reflexively headbutt those who attack you in melee.


   Skills:
 - Level 2.0 Fighting
 + Level 4.1 Ranged Weapons
 - Level 1.0 Armour
 - Level 2.1 Dodging
 - Level 1.0 Spellcasting
 - Level 2.0 Hexes


You had 3 spell levels left.
You knew the following spells:

 Your Spells              Type           Power      Damage    Failure   Level
a - Slow                  Hex            16%        N/A       34%         1

Your spell library contained the following spells:

 Spells                   Type           Power      Damage    Failure   Level
 Inner Flame              Hex/Fire       2%         N/A       83%         3
 Portal Projectile        Hex/Tloc       4%         N/A       83%         3
 Cause Fear               Hex            2%         N/A       98%         4

Inventory:

Hand Weapons
 Y - a +1 sling (weapon)
Armour
 h - a +0 ring mail (worn)
Jewellery
 g - a +4 ring of protection (left hand)
Potions
 a - a potion of haste {unknown}
 d - 2 potions of heal wounds {unknown}
 e - a potion of curing {unknown}

Dungeon Overview and Level Annotations

Branches:
Dungeon (2/15)

Altars:


Message History

An orc comes into view. It is wielding a +0 falchion.
You shoot a sling bullet. The sling bullet hits the goblin.
You kill the goblin!
Your Armour skill increases to level 1!
You shoot a sling bullet. The sling bullet hits the orc.
You kill the orc!
The orc barely misses you. The goblin hits you but does no damage.
The orc hits you from afar with a +0 trident.
You shoot a sling bullet. The sling bullet hits the goblin.
The goblin is severely wounded.
The orc barely misses you.
You shoot a sling bullet.
The sling bullet barely misses the goblin.
The goblin hits you with a +0 dagger. The hobgoblin barely misses you.
You furiously retaliate!
You headbutt the hobgoblin. The orc misses you.
You shoot a sling bullet.
The sling bullet closely misses the goblin.
The goblin hits you with a +0 dagger.
The hobgoblin hits you but does no damage.
The orc hits you from afar with a +0 trident.
The goblin hits you but does no damage.
The orc hits you from afar with a +0 trident!
You shoot a sling bullet. The sling bullet hits the goblin.
You kill the goblin!
The orc hits you but does no damage. The hobgoblin hits you.
You shoot a sling bullet.
The sling bullet barely misses the hobgoblin.
The orc misses you.
The hobgoblin hits you but does no damage.
The orc barely misses you. The orc misses you.
The orc hits you but does no damage. The hobgoblin completely misses you.
You shoot a sling bullet.
The sling bullet completely misses the hobgoblin.
The orc hits you from afar with a +0 trident!
The hobgoblin closely misses you. The orc misses you.
You shoot a sling bullet.
The sling bullet closely misses the hobgoblin.
The hobgoblin closely misses you. The orc hits you but does no damage.
The orc hits you from afar with a +0 trident.
You die...

######.# ..... ....
###### #.# .....# #.#
####.# #.# ..# #.# #.#
#.# ###
#.##.#.#.##########....#
#.##.#.#.......g@)...$.#
#.##.#.#.#######o####..#
#.##.#.#.# .go.
#.##.#.#.# ..(.##
..##.#.#.# ...$##
..##.#.#.# .#8.(#
#.##.....###.#$..#
#.####.#.8## #....
#.####...#.#


You could see 2 orcs and 2 hobgoblins.

Vanquished Creatures
  An adder (D:2)
  3 worms (D:2)
  An orc (D:2)
  3 bats
  An endoplasm (D:1)
  2 giant cockroaches (D:1)
  4 goblins
  4 hobgoblins
  3 jackals (D:1)
  2 ball pythons
  3 frilled lizards
  4 kobolds
  2 rats (D:2)
33 creatures vanquished.

Notes
Turn   | Place    | Note
-------+----------+-------------------------------------------
     0 | D:1      | qw the Minotaur Hexslinger began the quest for the Orb.
     0 | D:1      | Reached XP level 1. HP: 16/16 MP: 1/1
     0 | D:1      | 0 ||| qw: Version: 0.3-a-46-gb1f654a
     0 | D:1      | 0 ||| qw: Game counter: 3451
     0 | D:1      | 0 ||| qw: Melee chars always use a shield: true
     0 | D:1      | 0 ||| qw: God list: Okawaru
     0 | D:1      | 0 ||| qw: Allow faded altars: false
     0 | D:1      | 0 ||| qw: Do Orc after clearing Dungeon:15 true
     0 | D:1      | 0 ||| qw: Do second Lair branch before Depths: true
     0 | D:1      | 0 ||| qw: Lair rune preference: random
     0 | D:1      | 0 ||| qw: Goals: Normal
     0 | D:1      | 0 ||| PLANNING D:1-11
   367 | D:1      | Reached skill level 3 in Ranged Weapons
   367 | D:1      | Reached XP level 2. HP: 23/23 MP: 2/2
   644 | D:1      | 644 ||| UPGRADING to +0 ring mail.
   654 | D:1      | 654 ||| DROPPING +0 robe.
   655 | D:1      | 655 ||| UPGRADING to +4 ring of protection.
   656 | D:1      | 656 ||| READING scroll labelled QAENAPIPLI.
   657 | D:1      | 657 ||| READING scroll labelled WANIETTICY.
   658 | D:1      | 658 ||| DRINKING 2 murky emerald potions.
   698 | D:1      | 698 ||| DROPPING scroll of poison.
   699 | D:1      | 699 ||| DROPPING potion of lignification.
   760 | D:2      | Reached XP level 3. HP: 27/29 MP: 3/3
   885 | D:2      | Reached skill level 4 in Ranged Weapons
   896 | D:2      | Identified the +1 mace of the Snake Pit {flame, rN+}
   979 | D:2      | Reached skill level 1 in Armour
   985 | D:2      | HP: 6/29 [orc/+0 trident (7)]
   986 | D:2      | Slain by an orc

Levels and vault maps discovered:
D:1:      dpeg_arrival_stone_temple_mockup, layout_basic
D:2:      layout_basic, st_stairs_1, guppyfry_early_orc_mine

Skill      XL: |  1  2  3 |
---------------+----------+-----
Ranged Weapons | 3 4 |  4.1
Fighting       | 2 |  2.0
Armour         | 1 |  1.0
Dodging        | |  2.1
Spellcasting   | |  1.0
Hexes          | |  2.0

Action                     || total
---------------------------++-------
   Fire: Sling             ||   132
    Use: Scroll            ||     2
         Potion            ||     1
 Armour: Ring mail         ||    24
         Robe              ||     2
  Dodge: Dodged            ||    59

Table legend:
 A = Non-vault XP
 B = Vault XP
 C = Vault XP percentage of total XP
 D = Non-vault monster count
 E = Vault monster count
 F = Vault count percentage of total count
                 A         B        C        D         E       F
            +---------+---------+-------+---------+---------+-------
      Total |      68 |      10 |  12.8 |      28 |       5 |  15.2
            +---------+---------+-------+---------+---------+-------
        D:1 |      28 |       0 |   0.0 |      16 |       0 |   0.0
        D:2 |      40 |      10 |  20.0 |      12 |       5 |  29.4
            +---------+---------+-------+---------+---------+-------
